 Dungeon Crawl Stone Soup version 0.29-a0-902-g0f71de6fce (webtiles) character file.

Game seed: 7478198711531063587

124 Aviak the Chiller (level 4, -2/33 HPs)
             Began as a Demigod Ice Elementalist on July 24, 2022.
             Killed by divine providence
             ... invoked by an orc priest
              (14 damage)
             ... on level 3 of the Dungeon.
             The game lasted 00:05:22 (3315 turns).

Aviak the Chiller (Demigod Ice Elementalist)        Turns: 3315, Time: 00:05:23

Health: -2/33      AC:  3    Str: 12    XL:     4   Next: 52%
Magic:  4/10       EV: 12    Int: 21    God:
Gold:   125        SH:  0    Dex: 14    Spells: 4/8 levels left

rFire   . . .      SeeInvis +   r - +2 short sword (venom)
rCold   . . .      Faith    .   (no shield)
rNeg    . . .      Spirit   .   l - +0 leather armour
rPois   +          Reflect  .   (no helmet)
rElec   .          Harm     .   (no cloak)
rCorr   .          Rampage  .   (no gloves)
Will    .....                   (no boots)
Stlth   ++........              (no amulet)
HPRegen 0.11/turn               q - ring of Perpheuxu {rPois Str+3}
MPRegen 0.12/turn               Z - ring of see invisible

@: freezing walls, very slightly contaminated
A: high MP 1, forlorn, divine attributes
a: no special abilities


You were on level 3 of the Dungeon.
You visited 1 branch of the dungeon, and saw 3 of its levels.

You collected 125 gold pieces.

Inventory:

Hand Weapons
 n - a +0 short sword
 r - a +2 short sword of venom (weapon)
Armour
 a - a +0 robe
 d - a +3 plate armour of fire resistance
 l - a +0 leather armour (worn)
Jewellery
 j - a ring of resist corrosion
 q - the ring of Perpheuxu (left hand) {rPois Str+3}
   (You found it on level 3 of the Dungeon)

   [ring of poison resistance]

   Str:       It affects your strength (+3).
   rPois:     It protects you from poison.
 Z - a ring of see invisible (right hand)
Scrolls
 f - a scroll of vulnerability {unknown}
 g - 2 scrolls of identify {unknown}
 h - 2 scrolls of immolation {unknown}
 i - a scroll of enchant weapon {unknown}
 k - 2 scrolls of teleportation {unknown}
 s - a scroll of torment {unknown}
Potions
 b - a potion of magic
 c - a potion of curing
 e - a potion of might {unknown}
 m - a potion of attraction {unknown}
 o - a potion of lignification {unknown}
 p - a potion of heal wounds {unknown}


   Skills:
 + Level 3.1 Dodging
 - Level 1.7 Stealth
 - Level 2.5 Spellcasting
 + Level 4.5 Ice Magic


You had 4 spell levels left.
You knew the following spells:

 Your Spells              Type           Power      Damage    Failure   Level
a - Freeze                Ice            84%        1d10      2%          1
b - Frozen Ramparts       Ice            42%        1d6       9%          3

Your spell library contained the following spells:

 Spells                   Type           Power      Damage    Failure   Level
 Ozocubu's Armour         Ice            21%        N/A       9%          3
 Apportation              Tloc           4%         N/A       19%         1
 Necrotise                Necr           8%         1d4       19%         1
 Summon Small Mammal      Summ           8%         N/A       19%         1
 Hailstorm                Conj/Ice       12%        3d5       56%         4


Dungeon Overview and Level Annotations

Branches:
Dungeon (3/15) Zot: 14679


Innate Abilities, Weirdness & Mutations

You have an increased reservoir of magic. (+10% MP)
You shall have no god before yourself.
Your divine heritage dramatically boosts your attributes as you level up.


Message History

You kill the hobgoblin!
No target in view!
You see here a hobgoblin corpse.
You see here a hobgoblin corpse.
You see here a ball python corpse.
There is an open door here.
An orc priest comes into view. It is wielding a +0 whip.
The orc priest shouts!
An orc comes into view. It is wielding a +0 short sword.
Unknown command.
Unknown command.
An orc wizard and 2 orcs come into view.
The orc shouts! x2; The orc wizard shouts!
The orc shouts!
Unknown command.
Casting: Freeze (safe; 2% risk of failure)
Confirm with . or Enter, or press ? or * to list all spells.
The spell is quite dangerous to miscast (9% risk of failure)!
Continue anyway?
Casting: Frozen Ramparts (quite dangerous; 9% risk of failure)
Press: ? - help, Dir - look around, f - activate You miscast Frozen Ramparts.
You are very lightly contaminated with residual magic.
Nothing appears to happen.
The orc priest invokes the aid of Beogh against you.
Beogh smites you!
Casting: Frozen Ramparts (quite dangerous; 9% risk of failure)
Confirm with . or Enter, or press ? or * to list all spells.
The spell is quite dangerous to miscast (9% risk of failure)!
Continue anyway?
Casting: Frozen Ramparts (quite dangerous; 9% risk of failure)
Press: ? - help, Dir - look around, f - activate The walls around you are covered in ice.
The wall freezes the orc.
The wall freezes the orc priest.
The orc priest mumbles some strange prayers to Beogh against you.
Beogh smites you!
* * * LOW HITPOINT WARNING * * *
It was a potion of curing.
You feel better.
c - a potion of curing;
o - a fizzy blue potion The wall freezes the orc priest.
The orc priest mumbles some strange prayers to Beogh against you.
Beogh smites you!
You die...

#..[..## #.#.....##..........
#.....# #.#.....##.....#....
#.....#####.#.....##.###......
#...........#........# #......
#.....##.............#........
#......##.###.##......#........
#......##.# #.##.....##...#####
#......##.###.##.....##...
#..)...##.....@.......#..
#......########o##.##.#
#......# .oo..# .# #......#
##o.### .# ... ...# ...# .###


You could see an orc priest, an orc wizard and 2 orcs.

Vanquished Creatures
  An orc priest (D:3)
  An adder (D:2)
  2 worms (D:2)
  3 dart slugs
  3 orcs (D:3)
  7 bats
  4 endoplasms
  A giant cockroach (D:2)
  5 goblins
  3 hobgoblins
  8 jackals
  5 kobolds
  5 quokkas
  12 ball pythons
  2 frilled lizards (D:3)
  6 rats
68 creatures vanquished.

Notes
Turn   | Place    | Note
-------+----------+-------------------------------------------
     0 | D:1      | Aviak the Demigod Ice Elementalist began the quest for the
                  | Orb.
     0 | D:1      | Reached XP level 1. HP: 14/14 MP: 5/5
   385 | D:1      | Reached XP level 2. HP: 20/20 MP: 5/7
   980 | D:1      | Reached skill level 4 in Ice Magic
  1110 | D:1      | Reached XP level 3. HP: 26/26 MP: 7/9
  1124 | D:1      | Learned a level 3 spell: Frozen Ramparts
  2713 | D:3      | Reached XP level 4. HP: 33/33 MP: 6/10
  2803 | D:3      | Identified the ring of Perpheuxu {rPois Str+3}
  3315 | D:3      | Killed from afar by an orc priest

Illustrated notes

Levels and vault maps discovered:
D:1:      ncdulo_watergridlock, layout_basic, nicolae_ecumenical_snake_handling
D:2:      wad_river_or_something, layout_loops_ring
D:3:      layout_basic, lightli_corner_chamber

Skill      XL: |  1  2  3  4 |
---------------+-------------+-----
Dodging        | 2 3 |  3.1
Spellcasting   | 2 |  2.5
Ice Magic      | 4 |  4.5
Stealth        | |  1.7

Action                   |  1- 3 |  4- 6 || total
-------------------------+-------+-------++-------
Melee: Unarmed           |    13 |       ||    13
       Short sword       |     5 |    35 ||    40
 Cast: Freeze            |    85 |     2 ||    87
       Frozen Ramparts   |     1 |     1 ||     2
  Use: Potion            |       |     1 ||     1
 Stab: Sleeping          |     1 |       ||     1
Armor: Robe              |    11 |       ||    11
       Leather armour    |     2 |     7 ||     9
Dodge: Dodged            |    57 |    27 ||    84

Table legend: (Time is in decaauts)
 A = Elapsed time spent in this place.
 B = Non-inter-level travel time spent in this place.
 C = Inter-level travel time spent in this place.
 D = Time resting spent in this place.
 E = Time spent auto-exploring this place.
 F = Levels seen in this place.
 G = Mean time per level.
                   A        B        C        D        E       F      G
               +--------+--------+--------+--------+--------+-----+--------+
         Total |   3319 |   3240 |     79 |    330 |   2367 |   3 | 1106.3 |
       Dungeon |   3319 |   3240 |     79 |    330 |   2367 |   3 | 1106.3 |
               +--------+--------+--------+--------+--------+-----+--------+

Top non-repeatable levels by time:
     D:1: 1370 daAuts
     D:2: 1256 daAuts
     D:3: 692 daAuts
